 Dungeon Crawl Stone Soup version 0.29-a0-838-g385bb11a5b (webtiles) character file.

Game seed: 14367896060000097436

21 zeratav the Stinger (level 2, 0/17 HPs)
             Began as an Octopode Venom Mage on July 13, 2022.
             Slain by a quokka (3 damage)
             ... on level 1 of the Dungeon.
             The game lasted 00:00:55 (778 turns).

zeratav the Stinger (Octopode Venom Mage)            Turns: 778, Time: 00:00:56

Health: 0/17       AC:  1    Str:  7    XL:     2   Next: 87%
Magic:  5/5        EV: 13    Int: 17    God:
Gold:   11         SH:  0    Dex: 12    Spells: 4/5 levels left

rFire   . . .      SeeInvis .   b - +3 whip (elec) {mace}
rCold   . . .      Faith    .   (no shield)
rNeg    . . .      Spirit   .   (helmet restricted)
rPois   .          Reflect  .   (no amulet)
rElec   .          Harm     .   (no ring)
rCorr   .          Rampage  .   (no ring)
Will    .....                   (no ring)
Stlth   ++++......              (no ring)
HPRegen 0.05/turn               (no ring)
MPRegen 0.09/turn               (no ring)
                                (no ring)
                                (no ring)

@: no status effects
A: almost no armour, amphibious, 8 rings, camouflage 1, gelatinous body 1,
nimble swimmer 1, tentacles
a: no special abilities


You were on level 1 of the Dungeon.
You visited 1 branch of the dungeon, and saw 2 of its levels.

You collected 11 gold pieces.


Innate Abilities, Weirdness & Mutations

You cannot wear most types of armour.
You are amphibious.
You can wear up to eight rings at the same time.
Your skin changes colour to match your surroundings (Stealth+).
Your rubbery body absorbs attacks. (AC +1, EV +1)
You are camouflaged when in or above water. (Stealth+)
You have tentacles for arms and can constrict up to eight enemies at once.


   Skills:
 - Level 2.0 Dodging
 + Level 3.8 Stealth
 - Level 2.0 Spellcasting
 - Level 1.0 Transmutations
 + Level 4.3 Poison Magic


You had 4 spell levels left.
You knew the following spells:

 Your Spells              Type           Power      Damage    Failure   Level
a - Sting                 Tmut/Pois      40%        1d5       7%          1

Your spell library contained the following spells:

 Spells                   Type           Power      Damage    Failure   Level
 Poisonous Vapours        Pois/Air       18%        N/A       12%         2
 Foxfire                  Conj/Fire      4%         2x1d4     19%         1
 Mephitic Cloud           Conj/Pois/Air  6%         N/A       32%         3
 Olgreb's Toxic Radiance  Pois           16%        N/A       32%         4
 Conjure Flame            Conj/Fire      1%         6-21      50%         3
 Inner Flame              Hex/Fire       1%         N/A       50%         3
 Flame Wave               Conj/Fire      1%         2d4       88%         4

Inventory:

Hand Weapons
 b - a +3 whip of electrocution (weapon) {mace}
   (You took it off a kobold on level 1 of the Dungeon)
Scrolls
 c - a scroll of identify {unknown}
 f - a scroll of teleportation {unknown}
Potions
 a - a potion of magic
 d - a potion of might {unknown}
 e - a potion of flight {unknown}

Dungeon Overview and Level Annotations

Branches:
Dungeon (2/15) Zot: 11219

Altars:

########## #?.......#
#........# #........# ##
#........###### ##.
..............# #..
.......rK.....# #..
≈≈≈≈.≈≈@≈≈....# #..
≈≈≈≈.≈≈b≈≈....# ##.
≈≈≈≈.≈≈≈≈≈....# ##
≈≈≈≈.≈≈≈≈≈....######## #
≈≈≈≈...............).# #
......≈≈≈≈....######.#
≈≈≈≈≈.≈≈≈≈....# #.#
≈≈≈≈≈.≈≈≈≈....# #.#
≈≈≈≈≈.≈≈≈≈.#########.###


You could see a quokka, a bat and a kobold.


Message History

A quokka is nearby!
The quokka barely misses you.
You barely miss the quokka. You grab the quokka.
You squeeze the quokka, but do no damage.
You constrict the quokka. The quokka closely misses you.
You hit the quokka.
You kill the quokka!
No target in view!
No target in view!
You now have 11 gold pieces.
You see here a +0 war axe {axe}.
An endoplasm comes into view.
An endoplasm is nearby!
A goblin comes into view. It is wielding a +0 club.
The endoplasm quivers.
You whack the endoplasm!
You kill the endoplasm!
The helpless goblin fails to defend itself.
You hit the goblin.
You kill the goblin!
No target in view!
No target in view!
No target in view!
No target in view!
No target in view!
f - a scroll labelled WUENAA TOERCH An endoplasm is nearby!
An endoplasm comes into view.
A giant cockroach comes into view.
The helpless endoplasm fails to defend itself.
You whack the endoplasm!
Lightning courses through the endoplasm!
You kill the endoplasm!
No target in view!
No target in view!
No target in view!
No target in view!
No target in view!
A bat comes into view.
A quokka comes into view.
A kobold comes into view. It is wielding a +0 whip.
You closely miss the bat. You grab the bat. You constrict the bat.
The bat barely misses you.
The bat struggles to escape constriction.
The bat escapes!
The giant cockroach barely misses you.
You closely miss the bat. Your grab misses the bat. The bat barely misses you.
The giant cockroach completely misses you.
You hit the giant cockroach. Your grab misses the giant cockroach.
The endoplasm quivers.
The bat completely misses you. The giant cockroach bites you. x2
HP[-2]
You take 2 damage, and now have 15/17 hp.
You barely miss the giant cockroach. Your grab misses the giant cockroach.
Your squeeze misses the giant cockroach.
The bat barely misses you. The bat closely misses you.
The giant cockroach bites you.
HP[-1]
You take 1 damage, and now have 14/17 hp.
You hit the giant cockroach.
Lightning courses through the giant cockroach!!
You kill the giant cockroach!
The kobold shouts!
The bat closely misses you.
You hit the endoplasm.
Lightning courses through the endoplasm!!
You kill the endoplasm!
The bat barely misses you.
HP[+1]
You closely miss the quokka. Your grab misses the quokka.
The bat closely misses you. The quokka bites you.
The quokka closely misses you.
HP[-2]
You take 2 damage, and now have 13/17 hp.
You barely miss the quokka. Your grab misses the quokka. The bat misses you.
The bat hits you. The quokka bites you.
HP[-4]
You take 4 damage, and now have 9/17 hp.
MASSIVE DAMAGE!! (PAUSE)
You barely miss the quokka. You grab the quokka. You constrict the quokka.
The bat closely misses you. The quokka barely misses you.
You barely miss the quokka. You constrict the quokka.
The bat hits you but does no damage. The quokka misses you.
The kobold hits you with a +0 whip.
* * * LOW HITPOINT WARNING * * *
The quokka bites you.
* * * LOW HITPOINT WARNING * * *
HP[-6]
You take 6 damage, and now have 3/17 hp.
MASSIVE DAMAGE!! (PAUSE)
You are too injured to fight recklessly!
You are too injured to fight recklessly!
You are too injured to fight recklessly!
You are too injured to fight recklessly!
You are too injured to fight recklessly!
You are too injured to fight recklessly!
You are too injured to fight recklessly!
You are too injured to fight recklessly!
You release your grip on the quokka.
The bat hits you but does no damage. The quokka bites you.
You die...

Skill      XL: |  1  2 |
---------------+-------+-----
Stealth        | 3 |  3.8
Poison Magic   | 4 |  4.3
Dodging        | |  2.0
Spellcasting   | |  2.0
Transmutations | |  1.0

Action                   || total
-------------------------++-------
Melee: Unarmed           ||     4
       Whip              ||    25
       Constrict         ||     7
       Tentacles         ||     5
 Cast: Sting             ||     3
 Stab: Sleeping          ||     6
Armor: Skin              ||     3
Dodge: Dodged            ||    23

Levels and vault maps discovered:
D:1:      minmay_arrival_split_and_join, layout_basic, minivault_14,
          nicolae_concentric_dashed_squares_wild
D:2:      layout_basic, dreamdust_ecumenical_altar_grove, minmay_misc_feat_rows,
          minivault_11, minmay_tetromino_i2

Notes
Turn   | Place    | Note
-------+----------+-------------------------------------------
     0 | D:1      | zeratav the Octopode Venom Mage began the quest for the
                  | Orb.
     0 | D:1      | Reached XP level 1. HP: 11/11 MP: 3/3
     0 | D:1      | magus.rc [v1.9.6]
   110 | D:1      | Reached skill level 3 in Stealth
   247 | D:1      | Reached XP level 2. HP: 17/17 MP: 5/5
   253 | D:1      | Reached skill level 4 in Poison Magic
   349 | D:1      | You fall into a shaft and drop 1 floor!
   361 | D:2      | You pick up a book of Flames and begin reading...
   361 | D:2      | You add the spells Foxfire, Conjure Flame, Inner Flame and
                  | Flame Wave to your library.
   777 | D:1      | HP: 3/17 [quokka (4)]
   778 | D:1      | Slain by a quokka

Vanquished Creatures
  A dart slug (D:1)
  6 endoplasms
  A giant cockroach (D:1)
  A goblin (D:1)
  A hobgoblin (D:1)
  2 quokkas (D:1)
  A frilled lizard (D:1)
  A kobold (D:1)
  3 rats (D:1)
17 creatures vanquished.

Table legend:
 A = Non-vault XP
 B = Vault XP
 C = Vault XP percentage of total XP
 D = Non-vault monster count
 E = Vault monster count
 F = Vault count percentage of total count
                 A         B        C        D         E       F
            +---------+---------+-------+---------+---------+-------
      Total |      31 |       0 |   0.0 |      17 |       0 |   0.0
            +---------+---------+-------+---------+---------+-------
        D:1 |      29 |       0 |   0.0 |      16 |       0 |   0.0
        D:2 |       2 |       0 |   0.0 |       1 |       0 |   0.0
            +---------+---------+-------+---------+---------+-------

Illustrated notes

Table legend:
 A = Kills in this place as a percentage of kills in entire the game.
 B = Kills by you in this place as a percentage of kills by you in the entire game.
 C = Kills by friends in this place as a percentage of kills by friends in the entire game.
 D = Other kills in this place as a percentage of other kills in the entire game.
 E = Experience gained in this place as a percentage of experience gained in the entire game.
 F = Experience gained in this place divided by the number of levels of this place that you have seen.
                   A       B       C       D       E      F
               +-------+-------+-------+-------+-------+----------------------
         Total | 100.0 | 100.0 |   N/A |   N/A | 100.0 |  15.5
       Dungeon | 100.0 | 100.0 |   N/A |   N/A | 100.0 |  15.5
               +-------+-------+-------+-------+-------+----------------------

Table legend: (Time is in decaauts)
 A = Elapsed time spent in this place.
 B = Non-inter-level travel time spent in this place.
 C = Inter-level travel time spent in this place.
 D = Time resting spent in this place.
 E = Time spent auto-exploring this place.
 F = Levels seen in this place.
 G = Mean time per level.
                   A        B        C        D        E       F      G
               +--------+--------+--------+--------+--------+-----+--------+
         Total |    779 |    779 |      0 |      0 |    647 |   2 |  389.5 |
       Dungeon |    779 |    779 |      0 |      0 |    647 |   2 |  389.5 |
               +--------+--------+--------+--------+--------+-----+--------+

Top non-repeatable levels by time:
     D:1: 752 daAuts
     D:2: 26 daAuts
